 Dungeon Crawl Stone Soup version 0.31-a0-819-gf6de2f5ab6 (webtiles) character file.

Game seed: 16524945248634519750

51 qw the Shooter (level 3, 0/22 HPs)
             Began as a Gargoyle Hunter on Sept 23, 2023.
             Slain by an iguana (4 damage)
             ... on level 3 of the Dungeon.
             The game lasted 00:00:30 (1036 turns).

qw the Shooter (Gargoyle Hunter)                    Turns: 1036, Time: 00:00:31

Health: 0/22       AC:  9    Str: 14    XL:     3   Next: 83%
Magic:  3/3        EV: 10    Int:  9    God:
Gold:   67         SH:  0    Dex: 15    Spells: 2/2 levels left

rFire   . . .        Y - +0 shortbow
rCold   . . .        (shield currently unavailable)
rNeg    + + .        g - +0 ring mail
rPois   inf          (no helmet)
rElec   +            (no cloak)
rCorr   .            f - +0 pair of gloves
SInv    .            (no boots)
Will    .....        (no amulet)
Stlth   +            j - ring of positive energy
HPRegen 0.23/turn    (no ring)
MPRegen 0.08/turn

%: no passive effects
@: no status effects
A: sickness immunity, AC +3, negative energy resistance 1, electricity
resistance, torment resistance 1, petrification resistance
a: no special abilities


You were on level 3 of the Dungeon.
You visited 1 branch of the dungeon, and saw 3 of its levels.

You collected 67 gold pieces.


Innate Abilities, Weirdness & Mutations

You are immune to sickness and miasma.
Your stone body is resilient. (AC +3)
You are immune to poison.
You resist negative energy. (rN+)
You are resistant to electric shocks. (rElec)
You are resistant to unholy torment.
You are immune to petrification.


   Skills:
 + Level 2.4 Fighting
 - Level 5.0 Ranged Weapons
 - Level 1.1 Armour
 - Level 1.5 Dodging
 - Level 1.1 Stealth


You had 2 spell levels left.
You didn't know any spells.
Your spell library was empty.

Inventory:

Hand Weapons
 Y - a +0 shortbow (weapon)
Armour
 f - a +0 pair of gloves (worn)
 g - a +0 ring mail (worn)
Jewellery
 j - a ring of positive energy (left hand)
Scrolls
 a - a scroll of identify
 h - a scroll of blinking {unknown}
Potions
 b - a potion of haste {unknown}
 c - a potion of berserk rage {unknown}
 d - a potion of mutation
 e - a potion of might {unknown}
 i - a potion of magic {unknown}
 k - a potion of lignification {unknown}

Dungeon Overview and Level Annotations

Branches:
Dungeon (2/15)

Altars:


Message History

The arrow hits the iguana but does no damage.
The iguana bites you!
You shoot an arrow. The arrow closely misses the iguana.
The iguana bites you. The iguana barely misses you.
You shoot an arrow. The arrow closely misses the iguana.
The iguana bites you.
You shoot an arrow.
The arrow hits the iguana but does no damage.
The iguana closely misses you.
You shoot an arrow. The arrow hits the iguana!
The iguana is heavily wounded.
The iguana bites you.
You shoot an arrow.
The arrow hits the iguana but does no damage.
The iguana is heavily wounded.
The iguana closely misses you. x2
You shoot an arrow. The arrow hits the iguana.
The iguana is severely wounded.
The iguana barely misses you.
You shoot an arrow.
The arrow hits the iguana but does no damage.
The iguana is severely wounded.
The iguana bites you.
You shoot an arrow. The arrow hits the iguana.
The iguana is severely wounded.
The iguana bites you.
You shoot an arrow. The arrow closely misses the iguana.
The iguana bites you but does no damage.
The iguana closely misses you.
You shoot an arrow. The arrow hits the iguana.
The iguana is severely wounded.
The iguana closely misses you.
You shoot an arrow.
The arrow hits the iguana but does no damage.
The iguana is severely wounded.
The iguana bites you but does no damage.
You shoot an arrow. The arrow hits the iguana.
The iguana is almost dead.
The iguana bites you.
You die...

###### #....#
####### ......##.#
.......
########.##.......
.........#l......
.........@.....).
.#..............^
.................
#.....##......###
...... #........
...... +.........
..#### #........#
#......#.#


You could see an iguana.

Vanquished Creatures
  An adder (D:2)
  2 worms (D:2)
  2 ball pythons
  3 endoplasms (D:1)
  4 giant cockroaches
  6 goblins
  2 hobgoblins (D:1)
  6 kobolds
  A quokka (D:2)
  2 bats (D:1)
  A frilled lizard (D:1)
  4 rats
34 creatures vanquished.

Notes
Turn   | Place    | Note
-------+----------+-------------------------------------------
     0 | D:1      | qw the Gargoyle Hunter began the quest for the Orb.
     0 | D:1      | Reached XP level 1. HP: 12/12 MP: 1/1
     0 | D:1      | 0 ||| qw: Version: 0.3-a-83-gcd0e7d8
     0 | D:1      | 0 ||| qw: Game counter: 1598
     0 | D:1      | 0 ||| qw: Melee chars always use a shield: true
     0 | D:1      | 0 ||| qw: God list: Okawaru
     0 | D:1      | 0 ||| qw: Allow faded altars: false
     0 | D:1      | 0 ||| qw: Do Orc after clearing Dungeon:15 true
     0 | D:1      | 0 ||| qw: Do second Lair branch before Depths: true
     0 | D:1      | 0 ||| qw: Lair rune preference: random
     0 | D:1      | 0 ||| qw: Goals: Normal
     0 | D:1      | 0 ||| PLANNING D:1-11
   119 | D:1      | Reached XP level 2. HP: 17/17 MP: 2/2
   597 | D:1      | Reached XP level 3. HP: 21/21 MP: 3/3
   710 | D:1      | 710 ||| UPGRADING to +0 pair of gloves.
   715 | D:1      | 715 ||| UPGRADING to +0 ring mail.
   725 | D:1      | 725 ||| DROPPING +0 leather armour.
   726 | D:1      | 726 ||| UPGRADING to ring of positive energy.
   727 | D:1      | 727 ||| READING 3 scrolls labelled AZEOVYG TUIPO.
   728 | D:1      | 728 ||| READING scroll labelled TULINIHOYPP.
   729 | D:1      | 729 ||| READING 2 scrolls of identify.
   729 | D:1      | 729 ||| IDENTIFYING golden potion
   730 | D:1      | 730 ||| DROPPING scroll of butterflies.
   799 | D:2      | Reached skill level 1 in Armour
   866 | D:2      | Reached skill level 5 in Ranged Weapons
  1014 | D:2      | You fall into a shaft and drop 1 floor!
  1031 | D:3      | HP: 5/22 [iguana (3)]
  1036 | D:3      | Slain by an iguana

Levels and vault maps discovered:
D:1:      psy_arrival_conway, layout_basic, chequers_mini_garden
D:2:      layout_rooms, shapermc_ecumenical_altar_ellora
D:3:      cheibrodos_fertilizer, layout_basic, overflow_temple_1_default,
          hangedman_decor_push, chequers_serial_rivers_micro_e,
          nicolae_houndstooth_variations, uniq_robin

Skill      XL: |  1  2  3 |
---------------+----------+-----
Armour         | 1 |  1.1
Ranged Weapons | 5 |  5.0
Fighting       | |  2.4
Dodging        | |  1.5
Stealth        | |  1.1

Action                     || total
---------------------------++-------
   Fire: Shortbow          ||   132
    Use: Scroll            ||     3
 Armour: Leather armour    ||    17
         Ring mail         ||    21
  Dodge: Dodged            ||    42

Table legend:
 A = Non-vault XP
 B = Vault XP
 C = Vault XP percentage of total XP
 D = Non-vault monster count
 E = Vault monster count
 F = Vault count percentage of total count
                 A         B        C        D         E       F
            +---------+---------+-------+---------+---------+-------
      Total |      74 |       0 |   0.0 |      34 |       0 |   0.0
            +---------+---------+-------+---------+---------+-------
        D:1 |      34 |       0 |   0.0 |      21 |       0 |   0.0
        D:2 |      39 |       0 |   0.0 |      12 |       0 |   0.0
        D:3 |       1 |       0 |   0.0 |       1 |       0 |   0.0
            +---------+---------+-------+---------+---------+-------
